 Dungeon Crawl Stone Soup version 0.27-a0-1290-g15d3ce7508 (webtiles) character file.

Game seed: 7428022986970838050

295194 Delamore the Impaler (level 21, -1/168 HPs)
             Began as a Formicid Fighter on June 15, 2021.
             Was an Initiate of Gozag.
             Slain by a hell knight (48 damage)
             ... led by Margery
             ... on level 3 of the Vaults.
             The game lasted 00:59:28 (38285 turns).

Delamore the Impaler (Formicid Fighter)            Turns: 38285, Time: 00:59:28

Health: -1/168     AC: 23    Str: 30    XL:     21   Next: 77%
Magic:  21/21      EV: 12    Int:  8    God:    Gozag
Gold:   1668       SH: 27    Dex: 14    Spells: 20/20 levels left

rFire    + + +     SeeInvis +   J - +8 glaive of Lulirued {venom, rElec rF++ Dex-3 Stlth+}
rCold    + . .     Faith    .   Y - +0 tower shield of Inevitability {Rampage rPois rF+ Int+4}
rNeg     + . .     Spirit   .   q - +2 plate armour "Quonibeg" {Rampage rC- Regen+ Slay+5}
rPois    +         Reflect  +   (helmet unavailable)
rElec    +         Harm     .   L - scarf {rC+ rF+}
rCorr    .         Rampage  +   U - +0 pair of fencer's gloves {Riposte Dex+3}
Will     +++..                  D - +1 pair of boots {Fly}
Stlth    ..........             g - amulet of reflection
HPRegen  1.38/turn              c - ring of Simaegra {rElec rN+ Str+3 Int-4 Stlth+}
MPRegen  0.17/turn              u - ring of Freedom {Ice Will+ Int-4 Dex+4 SInv}

@: flying
A: permanent stasis, dig shafts and tunnels, antennae 3, four strong arms
}: 2/15 runes: barnacled, gossamer
a: Dig, Shaft Self, Renounce Religion, Potion Petition, Call Merchant, Bribe
Branch


You were on level 3 of the Vaults.
You worshipped Gozag.
Gozag was most pleased with you.
You visited 7 branches of the dungeon, and saw 35 of its levels.
You also visited: Sewer and Ossuary.

You collected 13425 gold pieces.
You spent 2811 gold pieces at shops.
You paid 8946 gold pieces to Gozag.

Inventory:

Hand Weapons
 J - the +8 glaive of Lulirued (weapon) {venom, rElec rF++ Dex-3 Stlth+}
   (You bought it in a shop on level 9 of the Dungeon)

   It poisons the flesh of those it strikes.
   It affects your dexterity (-3).
   It greatly protects you from fire.
   It insulates you from electricity.
   It makes you more stealthy.
 Q - a +9 vorpal demon trident
Missiles
 a - 7 curare-tipped darts
 f - 3 throwing nets
 i - 111 poisoned darts
 l - 25 silver boomerangs
 s - 22 javelins
 A - 34 boomerangs (quivered)
 F - 4 atropa-tipped darts
Armour
 q - the +2 plate armour "Quonibeg" (worn) {Rampage rC- Regen+ Slay+5}
   (You found it on level 3 of the Lair of Beasts)

   It affects your accuracy and damage with ranged weapons and melee attacks
   (+5).
   It makes you vulnerable to cold.
   It increases your rate of health regeneration.
   It bestows one free step when moving towards enemies.
 D - a +1 pair of boots of flying (worn)
 L - a scarf of resistance (worn)
 U - the +0 pair of fencer's gloves (worn) {Riposte Dex+3}
   (You bought it in a shop on level 1 of the Lair of Beasts)

   It affects your dexterity (+3).
 Y - the +0 tower shield of Inevitability (worn) {Rampage rPois rF+ Int+4}
   (You bought it in a shop on level 1 of the Lair of Beasts)

   It affects your intelligence (+4).
   It protects you from fire.
   It protects you from poison.
   It bestows one free step when moving towards enemies.
Jewellery
 c - the ring of Simaegra (left hand) {rElec rN+ Str+3 Int-4 Stlth+}
   (You found it on level 14 of the Dungeon)

   [ring of positive energy]

   It affects your strength (+3).
   It affects your intelligence (-4).
   It insulates you from electricity.
   It protects you from negative energy.
   It makes you more stealthy.
 g - an amulet of reflection (around neck)
 n - an amulet of regeneration
 p - a ring of protection from cold
 u - the ring of Freedom (right hand) {Ice Will+ Int-4 Dex+4 SInv}
   (You bought it in a shop on level 2 of the Lair of Beasts)

   [ring of ice]

   It enhances your ice magic.
   It affects your intelligence (-4).
   It affects your dexterity (+4).
   It makes you vulnerable to fire.
   It protects you from cold.
   It lets you see invisible.
   It increases your willpower.
 v - an amulet of guardian spirit
 x - a ring of willpower
 G - a ring of willpower
 K - a ring of positive energy
 Z - a ring of protection from fire
Wands
 j - a wand of paralysis (23)
 t - a wand of digging (18)
 w - a wand of polymorph (13)
 E - a wand of iceblast (34)
 O - a wand of mindburst (25)
 P - a wand of flame (56)
 V - a wand of acid (21)
Scrolls
 b - 7 scrolls of fog
 o - 2 scrolls of holy word
 r - 13 scrolls of identify
 C - a scroll of enchant weapon
 I - 5 scrolls of fear
 M - 9 scrolls of enchant armour
 N - a scroll of summoning
 R - 4 scrolls of immolation
 S - a scroll of amnesia
 W - 3 scrolls of silence
 X - 2 scrolls of magic mapping
Potions
 d - 6 potions of might
 e - 22 potions of curing
 h - 4 potions of invisibility
 k - 3 potions of magic
 m - 2 potions of brilliance
 z - 3 potions of mutation
 B - 3 potions of resistance
 T - 5 potions of cancellation
Miscellaneous
 y - a box of beasts
 H - a condenser vane (inert)


   Skills:
 + Level 15.1 Fighting
 - Level 20.0 Polearms
 - Level 15.0 Throwing
 - Level 15.0 Armour
 - Level 10.0 Dodging
 - Level 15.0 Shields
 + Level 10.1 Evocations


You had 20 spell levels left.
You didn't know any spells.
Your spell library contained the following spells:

 Spells                   Type           Power      Damage    Failure   Level
 Apportation              Tloc           0%         N/A       93%         1
 Beastly Appendage        Tmut           0%         N/A       93%         1
 Corona                   Hex            0%         N/A       93%         1
 Foxfire                  Conj/Fire      0%         2x1d4     93%         1
 Summon Small Mammal      Summ           0%         N/A       93%         1
 Call Imp                 Summ           0%         N/A       98%         2
 Poisonous Vapours        Pois/Air       0%         N/A       98%         2
 Wereblood                Tmut           0%         N/A       98%         2
 Call Canine Familiar     Summ           0%         N/A       100%        3
 Confusing Touch          Hex            0%         N/A       100%        3
 Conjure Flame            Conj/Fire      0%         6-21      100%        3
 Gell's Gravitas          Tloc           0%         N/A       100%        3
 Ignite Poison            Fire/Tmut/Pois 0%         N/A       100%        3
 Inner Flame              Hex/Fire       0%         N/A       100%        3
 Lesser Beckoning         Tloc           0%         N/A       100%        3
 Mephitic Cloud           Conj/Pois/Air  0%         N/A       100%        3
 Spider Form              Tmut/Pois      0%         N/A       100%        3
 Summon Guardian Golem    Hex/Summ       0%         N/A       100%        3
 Tukima's Dance           Hex            0%         N/A       100%        3
 Cause Fear               Hex            0%         N/A       100%        4
 Ice Form                 Ice/Tmut       0%         N/A       100%        4
 Petrify                  Tmut/Erth      0%         N/A       100%        4
 Sticky Flame             Conj/Fire      0%         2d3       100%        4
 Summon Ice Beast         Ice/Summ       0%         N/A       100%        4
 Summon Lightning Spire   Summ/Air       0%         N/A       100%        4
 Alistair's Intoxication  Tmut/Pois      0%         N/A       100%        5
 Blade Hands              Tmut           0%         N/A       100%        5
 Bolt of Magma            Conj/Fire/Erth 0%         4d4       100%        5
 Fireball                 Conj/Fire      0%         3d3       100%        5
 Freezing Cloud           Conj/Ice/Air   0%         6-21      100%        5
 Irradiate                Conj/Tmut      0%         3d14      100%        5
 Metabolic Englaciation   Hex/Ice        0%         N/A       100%        5
 Yara's Violent Unravell  Hex/Tmut       0%         3d3       100%        5
 Invisibility             Hex            0%         N/A       100%        6
 Starburst                Conj/Fire      0%         8x6d3     100%        6
 Statue Form              Tmut/Erth      0%         N/A       100%        6
 Dragon Form              Tmut           0%         N/A       100%        7
 Malign Gateway           Summ/Tloc      0%         N/A       100%        7
 Storm Form               Tmut/Air       0%         N/A       100%        7
 Shatter                  Erth           0%         3d5*      100%        9


Dungeon Overview and Level Annotations

Branches:
Dungeon (15/15)            Temple (1/1) D:6            Lair (6/6) D:9
 Shoals (4/4) Lair:2       Spider (4/4) Lair:2        Slime (0/5) Lair:5
    Orc (2/2) D:12            Elf (0/3) Orc:2        Vaults (3/5) D:14
 Depths (0/5) D:15          Sewer (visited)         Ossuary (visited)
  Crypt: Vaults:2-3

Altars:
Ashenzari
Cheibriados
Dithmenos
Elyvilon
Fedhas
Gozag
Hepliaklqana
Kikubaaqudgha
Makhleb
Nemelex Xobeh
Okawaru
Qazlal
Ru
Trog
Uskayaw
Vehumet
Wu Jian
Xom
Yredelemnul
Zin
The Shining One

Shops:
D:9 (   D:12 ?   D:15 [[   Orc:2 (=((   Lair:1 [   Lair:2 =   Vaults:1 *
Vaults:2 ?

Portals:
Trove: D:11 (show slimy rune of Zot)

Annotations:
D:3 2 transporters, Ethylacetat's ghost, amateur NaIE
D:6 2 runed translucent doors, Delamore's ghost, novice FoFi
D:8 exclusion: 3 oklob plants
D:10 exclusion: 4 oklob plants
D:12 exclusion: 4 oklob plants
Lair:4 3 runed translucent doors, bmpenner's ghost, journeyman TrBe
Lair:6 exclusion: oklob plant


Innate Abilities, Weirdness & Mutations

You cannot be hasted, slowed, berserked, paralysed or teleported.
You can dig through walls and to a lower floor.
You have a pair of large antennae on your head. (SInv)
Your four strong arms can wield two-handed weapons with a shield.


Message History

The hell knight burns you.
Margery is engulfed in blazing flames.
Margery is distracted by your dazzling golden aura.
The hell knight shouts!
You closely miss Margery.
Margery is no longer distracted by gold.
Margery is almost dead.
You block the hell knight's attack.
The hell knight mumbles some strange words.
The hell knight seems to speed up.
Margery is engulfed in blazing flames.
Margery is distracted by your dazzling golden aura.
You slice Margery!!
You kill Margery!
The hell knight hits you with a +1 scimitar of flaming!
Training target 15.0 for Throwing reached!
Your Throwing skill increases to level 15!
You need to enable at least one skill for training.
You are too injured to fight recklessly!
You are too injured to fight recklessly!
You are too injured to fight recklessly!
You are too injured to fight recklessly!
You slice the hell knight!!
The hell knight looks as sick as possible!
The hell knight is moderately wounded.
The hell knight is distracted by your dazzling golden aura.
You block the hell knight's attack.
The hell knight shouts!
You slice the hell knight!!
The hell knight is moderately wounded.
You slice the hell knight!!
The hell knight is poisoned.
The hell knight is moderately wounded.
The hell knight hits you with a +1 great mace!!!
* * * LOW HITPOINT WARNING * * *
You block the hell knight's attack.
You slash the hell knight!
The hell knight is poisoned.
The hell knight is heavily wounded.
The hell knight is no longer distracted by gold.
You block the hell knight's attack.
The hell knight hits you with a +1 great mace!!!
You die...
Your body crumbles into a pile of gold.

#........#..#
########
######.###..#
#....... #
#.#.#..#
#.......
#.###.#..#
#.......
#........#
#.......
#........#
#.......
######'###
#.......
#...#
########
#.p@# ##p##
## #§p§$$# #.
#§§☼$.# #.
+§§§..'. +.
#§§°..#.. #.
#§○...#### #.
.##'##.{ #.
.. ... .. ##


You could see 3 hell knights.

Vanquished Creatures
  Margery (Vaults:3)
  Nikola (Shoals:3)
  The ghost of Froggeryz the Warrior, an adept DjAE of Ashenzari (Vaults:1)
  Arachne (Spider:4)
  A sphinx (Vaults:3)
  A kraken (Shoals:4)
  Gastronok (D:8)
  Polyphemus (Shoals:4)
  Frances (D:13)
  2 tengu reavers
  Kirke (Shoals:1)
  A fire giant (Vaults:2)
  Donald (Vaults:1)
  Ilsuiw (Shoals:3)
  An iron dragon (Vaults:2)
  Roxanne (Spider:2)
  An orc warlord (Vaults:2)
  A deep elf sorcerer (Vaults:2)
  9 vault wardens
  4 ghost moths (Spider:4)
  5 emperor scorpions
  7 ironbound preservers
  5 very ugly things (Vaults:2)
  A war gargoyle (Vaults:2)
  5 dire elephants
  A deep elf demonologist (Vaults:2)
  A deep elf annihilator (Vaults:1)
  2 spark wasps
  7 entropy weavers
  A merfolk javelineer (Shoals:3)
  A crystal guardian (Vaults:2)
  A deep elf death mage (Vaults:2)
  An ettin (Vaults:3)
  Snorg (Orc:2)
  2 great orbs of eyes
  11 merfolk impalers
  3 ironbound thunderhulks
  Josephine (D:10)
  7 boulder beetles
  5 yaktaur captains
  8 vault guards
  12 hydras
  Erolcha (Orc:1)
  2 catoblepae
  8 centaur warriors
  12 ironbound frosthearts
  A two-headed ogre (shapeshifter) (Vaults:3)
  A merfolk avatar (Shoals:3)
  An ogre mage (Vaults:2)
  A peacekeeper (Vaults:2)
  5 two-headed ogres
  3 merfolk aquamancers (Shoals:4)
  6 death yaks
  Urug (D:10)
  3 tengu warriors
  3 orc high priests (Orc:2)
  A vampire mage (Vaults:3)
  A hell knight (Vaults:3)
  6 ironbound beastmasters
  Sonja (D:11)
  5 skeletal warriors
  9 sea snakes
  7 deep trolls
  3 wizards (Vaults:3)
  A kraken simulacrum (Shoals:4)
  3 lindwurms (Vaults:2)
  4 orc knights (Orc:2)
  14 ironbound convokers
  24 harpies
  2 necromancers
  19 orb spiders
  3 orc sorcerers (Orc:2)
  A deep elf pyromancer (D:14)
  11 fauns
  15 ugly things
  26 wolf spiders
  7 cyclopes
  8 oklob plants
  14 manticores
  3 moths of wrath
  A manticore (shapeshifter) (Vaults:2)
  9 elephants (Lair:5)
  Maurice (D:11)
  5 water nymphs
  8 merfolk sirens
  4 black mambas
  A black mamba (shapeshifter) (D:13)
  2 torpor snails
  8 vault sentinels
  11 cane toads
  An unseen horror (D:11)
  9 yaktaurs
  7 komodo dragons
  4 rime drakes
  A tengu conjurer (D:13)
  20 merfolk
  8 demonic crawlers
  28 jumping spiders
  5 trolls
  3 meliai (D:13)
  4 wind drakes
  15 hornets
  Prince Ribbit (D:6)
  8 polar bears
  31 slime creatures
  14 snapping turtles
  15 blink frogs
  A meliai zombie (D:11)
  A wandering mushroom (D:10)
  13 dream sheep
  17 spriggans
  44 tarantellas
  3 shadows
  103 redbacks
  6 wraiths
  3 wyverns
  4 water elementals
  26 yaks
  2 basilisks
  4 steam dragons
  9 vampire mosquitoes
  6 wargs
  Edmund (D:6)
  Duvessa (D:6)
  An acid dragon (D:8)
  15 water moccasins
  A sky beast (D:8)
  7 black bears
  3 ice beasts
  2 elephant zombies (Lair:5)
  21 orc warriors
  43 wolves
  7 boggarts
  5 ogres
  11 centaurs
  A phantom (D:7)
  3 kobold brigands
  2 komodo dragon zombies (Lair:5)
  22 bullfrogs
  2 gnoll sergeants
  2 scorpions
  A wyvern zombie (D:5)
  Dowan (D:6)
  5 water moccasin zombies (Ossuary)
  A water moccasin skeleton (D:6)
  2 wyvern skeletons (D:7)
  13 electric eels
  4 howler monkeys
  5 centaur zombies
  4 hounds
  A centaur skeleton (D:5)
  11 orc priests
  A bullfrog skeleton (D:5)
  A scorpion zombie (D:5)
  3 gnoll shamans
  4 iguanas
  24 orc wizards
  A killer bee zombie (D:7)
  2 mummies (Ossuary)
  A howler monkey zombie (D:6)
  30 gnolls
  A river rat (D:3)
  6 adders
  2 shadow imps
  15 white imps
  An ufetubus (D:6)
  An adder skeleton (D:4)
  3 adder zombies (Ossuary)
  3 worms
  61 orcs
  7 bats
  8 endoplasms
  5 giant cockroaches
  10 goblins
  10 hobgoblins
  7 jackals
  2 quokkas
  12 ball pythons
  7 frilled lizards
  5 gnoll zombies (Ossuary)
  8 hobgoblin zombies (Ossuary)
  21 kobolds
  4 kobold zombies (Ossuary)
  3 orc zombies (Ossuary)
  2 quokka zombies (D:6)
  10 rats
  A butterfly (Lair:2)
  3 tentacles (Shoals:4)
1305 creatures vanquished.

Vanquished Creatures (collateral kills)
  Psyche (D:10)
  A merfolk (Shoals:3)
2 creatures vanquished.

Vanquished Creatures (others)
  A stone giant (Vaults:2)
  A merfolk impaler (Shoals:3)
  A merfolk aquamancer (Shoals:4)
  A centaur warrior (D:13)
  A dancing weapon (Vaults:1)
  A manticore (Shoals:4)
  A redback (Spider:2)
  2 yaks (D:10)
  3 humans (Shoals:1)
  A centaur (D:13)
  An orc wizard (Orc:2)
  A quokka (D:6)
  30 fungi
  63 plants
  9 tentacles (Shoals:4)
117 creatures vanquished.

Grand Total: 1424 creatures vanquished

Notes
Turn   | Place    | Note
-------+----------+-------------------------------------------
     0 | D:1      | Delamore the Formicid Fighter began the quest for the Orb.
     0 | D:1      | Reached XP level 1. HP: 18/18 MP: 1/1
    78 | D:1      | Reached XP level 2. HP: 24/24 MP: 2/2
   437 | D:1      | Reached XP level 3. HP: 30/30 MP: 3/3
   561 | D:1      | Reached skill level 3 in Polearms
  1312 | D:2      | Reached XP level 4. HP: 34/37 MP: 4/4
  1441 | D:2      | Reached skill level 4 in Polearms
  1832 | D:2      | Found a faded altar of an unknown god.
  1837 | D:2      | Became a worshipper of Fedhas Madash
  1837 | D:2      | Reached * piety under Fedhas
  1920 | D:3      | Found a transporter.
  1982 | D:3      | Found a glowing drain.
  1987 | D:3      | Reached XP level 5. HP: 36/42 MP: 5/5
  2052 | Sewer    | Entered a sewer
  2262 | Sewer    | Reached ** piety under Fedhas
  2661 | D:3      | Found a transporter.
  2665 | D:3      | Noticed Ethylacetat's ghost (amateur NaIE)
  3494 | D:3      | Reached XP level 6. HP: 49/49 MP: 6/6
  3725 | D:4      | Reached skill level 5 in Polearms
  3783 | D:4      | Reached skill level 5 in Fighting
  3925 | D:4      | Noticed a black bear
  3931 | D:4      | Killed a black bear
  3932 | D:4      | Reached skill level 6 in Polearms
  3932 | D:4      | Reached XP level 7. HP: 56/56 MP: 7/7
  4030 | D:4      | Reached skill level 7 in Polearms
  4248 | D:4      | Reached *** piety under Fedhas
  4597 | D:5      | Entered Level 5 of the Dungeon
  4610 | D:5      | Reached XP level 8. HP: 46/62 MP: 8/8
  4642 | D:5      | Reached skill level 8 in Polearms
  4755 | D:5      | Identified the +2 plate armour of the Invisible Hand {Will+
                  | Dex+7}
  4788 | D:5      | Found an ancient bone altar of Kikubaaqudgha.
  4993 | D:5      | Reached skill level 9 in Polearms
  5153 | D:5      | Found a bloodstained altar of Trog.
  5361 | D:6      | Noticed Edmund
  5372 | D:6      | Killed Edmund
  5386 | D:6      | Identified the +0 scale mail of Moral Flaws {Will- rCorr
                  | Str+3 Dex+8}
  5409 | D:6      | Found a sand-covered staircase.
  5422 | Ossuary  | Entered an ossuary
  5426 | Ossuary  | Reached **** piety under Fedhas
  5479 | Ossuary  | Reached skill level 10 in Polearms
  5479 | Ossuary  | Reached XP level 9. HP: 68/68 MP: 9/9
  5683 | D:6      | Reached skill level 11 in Polearms
  5774 | D:6      | Found a white marble altar of Elyvilon.
  5799 | D:6      | Noticed Dowan
  5800 | D:6      | Noticed Duvessa
  5835 | D:6      | Killed Duvessa
  5849 | D:6      | Killed Dowan
  5860 | D:6      | Found a staircase to the Ecumenical Temple.
  5873 | Temple   | Entered the Ecumenical Temple
  5890 | Temple   | Fell from the grace of Fedhas
  5890 | Temple   | Became a worshipper of Gozag Ym Sagoz the Greedy
  5932 | D:6      | Found a large runed translucent door.
  5932 | D:6      | Found a large runed translucent door.
  5942 | D:6      | Noticed Delamore's ghost (novice FoFi)
  6023 | D:6      | Noticed Prince Ribbit
  6070 | D:6      | Killed Prince Ribbit
  6071 | D:6      | Reached skill level 12 in Polearms
  6479 | D:7      | Reached XP level 10. HP: 74/74 MP: 10/10
  6969 | D:7      | Reached skill level 13 in Polearms
  6999 | D:7      | Found a glowing silver altar of Zin.
  7439 | D:8      | Found a sacrificial altar of Ru.
  7526 | D:8      | Found an iron altar of Okawaru.
  7765 | D:8      | Noticed a centaur warrior
  7793 | D:8      | Killed a centaur warrior
  7794 | D:8      | Reached skill level 14 in Polearms
  8006 | D:8      | Noticed an oklob plant
  8006 | D:8      | Noticed an oklob plant
  8006 | D:8      | Noticed an oklob plant
  8008 | D:8      | You fall into a shaft and drop 2 floors!
  8008 | D:10     | Entered Level 10 of the Dungeon
  8128 | D:10     | Reached skill level 5 in Shields
  8183 | D:10     | Noticed a two-headed ogre
  8195 | D:10     | Killed a two-headed ogre
  8196 | D:10     | Reached skill level 5 in Armour
  8196 | D:10     | Reached XP level 11. HP: 79/79 MP: 11/11
  8274 | D:10     | Noticed Josephine
  8298 | D:9      | Reached skill level 1 in Throwing
  8341 | D:9      | Found a hide-covered altar of Uskayaw.
  8358 | D:9      | Found a staircase to the Lair.
  8512 | D:9      | Bought an ichor-stained glaive for 287 gold pieces
  8512 | D:9      | Identified the +8 glaive of Lulirued {venom, rElec rF++
                  | Dex-3 Stlth+} (You bought it in a shop on level 9 of the
                  | Dungeon)
  8676 | D:9      | Found a shimmering altar of Xom.
  8695 | D:9      | Found a shadowy altar of Dithmenos.
  9250 | D:8      | Noticed Gastronok
  9264 | D:8      | Killed Gastronok
 10032 | D:10     | Noticed an oklob plant
 10032 | D:10     | Noticed an oklob plant
 10032 | D:10     | Noticed an oklob plant
 10032 | D:10     | Noticed an oklob plant
 10034 | D:10     | You fall into a shaft and drop 1 floor!
 10080 | D:11     | Noticed Sonja
 10089 | D:11     | Killed Sonja
 10277 | D:11     | Noticed a boulder beetle
 10286 | D:11     | Killed a boulder beetle
 10287 | D:11     | Reached skill level 5 in Throwing
 10287 | D:11     | Reached XP level 12. HP: 92/92 MP: 12/12
 10845 | D:11     | Found a portal to a secret trove of treasure.
 10942 | D:11     | Noticed Maurice
 10960 | D:11     | Killed Maurice
 11384 | D:10     | Killed Josephine
 11431 | D:10     | Noticed Urug
 11443 | D:10     | Killed Urug
 11444 | D:10     | Reached skill level 15 in Polearms
 11508 | D:10     | Noticed a two-headed ogre
 11515 | D:10     | Killed a two-headed ogre
 11569 | D:10     | Noticed Psyche
 11572 | D:10     | Killed Psyche
 11888 | D:12     | Noticed a two-headed ogre
 11888 | D:12     | Noticed a tengu warrior
 11899 | D:11     | Killed a tengu warrior
 11959 | D:12     | Noticed a two-headed ogre
 11961 | D:12     | Killed a two-headed ogre
 12208 | D:12     | Found a staircase to the Orcish Mines.
 12291 | D:12     | Reached XP level 13. HP: 67/103 MP: 13/13
 12339 | D:12     | Noticed a boulder beetle
 12351 | D:12     | Killed a boulder beetle
 12352 | D:12     | Reached skill level 10 in Fighting
 12368 | D:12     | You fall into a shaft and drop 2 floors!
 12368 | D:14     | Noticed a five-headed hydra
 12507 | D:13     | Killed a centaur warrior
 13174 | D:12     | Reached skill level 16 in Polearms
 13672 | Lair:1   | Entered Level 1 of the Lair of Beasts
 13677 | Lair:1   | Was forgiven by Fedhas
 13922 | Lair:1   | Noticed a five-headed hydra
 13937 | Lair:1   | Killed a five-headed hydra
 14095 | Lair:1   | Noticed a seven-headed hydra
 14111 | Lair:1   | Killed a seven-headed hydra
 14135 | Lair:1   | Reached skill level 10 in Throwing
 14734 | Lair:2   | Noticed a five-headed hydra
 14747 | Lair:2   | Killed a ten-headed hydra
 14798 | Lair:2   | Noticed a seven-headed hydra
 14807 | Lair:2   | Killed a seven-headed hydra
 14822 | Lair:2   | Reached XP level 14. HP: 80/110 MP: 14/14
 14910 | Lair:2   | Reached skill level 17 in Polearms
 14990 | Lair:2   | Found a hole to the Spider Nest.
 15456 | Lair:2   | Identified the Almanac of Translocation and Bewitchment
 15654 | Lair:2   | Found a staircase to the Shoals.
 15741 | Lair:1   | Bought the +0 pair of fencer's gloves {Riposte Dex+3} for
                  | 520 gold pieces
 15741 | Lair:1   | Found the +0 pair of fencer's gloves {Riposte Dex+3}
 16531 | Lair:3   | Identified the +2 plate armour "Quonibeg" {Rampage rC-
                  | Regen+ Slay+5}
 16785 | Lair:1   | Bought a scarf of resistance for 416 gold pieces
 17014 | Lair:4   | Noticed a minotaur
 17014 | Lair:4   | Noticed bmpenner's ghost (journeyman TrBe)
 17025 | Lair:4   | Reached skill level 18 in Polearms
 17145 | Lair:4   | You fall into a shaft and drop 2 floors!
 17145 | Lair:6   | Entered Level 6 of the Lair of Beasts
 17217 | Lair:6   | Reached skill level 10 in Shields
 17549 | Lair:5   | Reached XP level 15. HP: 112/115 MP: 15/15
 17688 | Lair:5   | Found a staircase to the Slime Pits.
 18734 | Lair:4   | Found a runed translucent gate.
 18841 | Lair:4   | Found a runed translucent gate.
 18841 | Lair:4   | Found a runed translucent gate.
 19185 | Lair:1   | Bought the +0 tower shield of Inevitability {Rampage rPois
                  | rF+ Int+4} for 404 gold pieces
 19686 | Lair:6   | Reached skill level 19 in Polearms
 20078 | Lair:6   | Found a blossoming altar of Fedhas.
 20567 | Orc:1    | Entered Level 1 of the Orcish Mines
 20852 | Orc:1    | Noticed Erolcha
 20858 | Orc:1    | Killed Erolcha
 21269 | Orc:2    | Entered Level 2 of the Orcish Mines
 21269 | Orc:2    | Found a staircase to the Elven Halls.
 21450 | Orc:2    | Noticed Snorg
 21470 | Orc:2    | Killed Snorg
 21547 | Orc:2    | Reached XP level 16. HP: 72/122 MP: 16/16
 21607 | Orc:2    | Found Ceryrim's Antique Weapon Boutique.
 21607 | Orc:2    | Found Ryss's Antique Weapon Shoppe.
 21612 | Orc:2    | Found Gaggu's Weapon Boutique.
 21612 | Orc:2    | Found Emoeruci's Jewellery Shoppe.
 22048 | D:12     | Bought a scroll of fear for 45 gold pieces
 22048 | D:12     | Bought a scroll of magic mapping for 45 gold pieces
 22048 | D:12     | Bought a scroll of fog for 26 gold pieces
 22295 | D:13     | Noticed Frances
 22304 | D:13     | Killed Frances
 22665 | D:14     | Found a gate to the Vaults.
 23043 | D:14     | Identified the ring of Simaegra {rElec rN+ Str+3 Int-4
                  | Stlth+}
 23672 | D:15     | Entered Level 15 of the Dungeon
 23782 | D:15     | Reached skill level 15 in Shields
 23792 | D:15     | Reached skill level 20 in Polearms
 23804 | D:15     | Reached skill level 1 in Evocations
 24311 | D:15     | Identified a scroll of acquirement
 24312 | D:15     | Acquired a +1 pair of boots of flying
 24376 | D:15     | Found a staircase to the Depths.
 24741 | Spider:1 | Entered Level 1 of the Spider Nest
 25091 | Spider:1 | Reached skill level 5 in Evocations
 25192 | Spider:1 | Reached XP level 17. HP: 123/128 MP: 17/17
 25888 | Spider:2 | Reached skill level 10 in Armour
 26256 | Spider:2 | Identified Roxanne's Reference Book on Clay
 26256 | Spider:2 | Noticed Roxanne
 27310 | Spider:2 | Killed Roxanne
 27746 | Spider:3 | Reached XP level 18. HP: 127/134 MP: 18/18
 28573 | Spider:4 | Entered Level 4 of the Spider Nest
 28717 | Spider:4 | Reached skill level 1 in Dodging
 29179 | Spider:4 | Noticed Arachne
 29208 | Spider:4 | Killed Arachne
 29885 | Spider:4 | Got a gossamer rune of Zot
 30077 | Shoals:1 | Entered Level 1 of the Shoals
 30079 | Shoals:1 | Noticed Kirke
 30097 | Shoals:1 | Killed Kirke
 30883 | Lair:2   | Bought the ring of Freedom {Ice Will+ Int-4 Dex+4 SInv} for
                  | 877 gold pieces
 30925 | Shoals:2 | Reached skill level 15 in Armour
 30992 | Shoals:2 | Reached XP level 19. HP: 143/143 MP: 19/19
 31581 | Shoals:2 | Acquired 1039 gold pieces
 31590 | Shoals:3 | Noticed Nikola
 31683 | Shoals:3 | Killed Nikola
 32097 | Shoals:3 | Reached skill level 5 in Dodging
 32201 | Shoals:3 | Noticed Polyphemus
 32203 | Shoals:3 | Noticed Ilsuiw
 32276 | Shoals:4 | Entered Level 4 of the Shoals
 32491 | Shoals:4 | Killed Polyphemus
 32542 | Shoals:3 | Killed Ilsuiw
 33762 | Shoals:4 | Got a barnacled rune of Zot
 34381 | Vaults:1 | Entered Level 1 of the Vaults
 34497 | Vaults:1 | Reached XP level 20. HP: 147/154 MP: 20/20
 34648 | Vaults:1 | Noticed Donald
 34672 | Vaults:1 | Killed Donald
 34676 | Vaults:1 | Reached skill level 10 in Evocations
 34897 | Vaults:1 | Found Nexyejauxu's General Store.
 34925 | Vaults:1 | Bought a scroll of magic mapping for 49 gold pieces
 34952 | Vaults:1 | Found a runed translucent door.
 34952 | Vaults:1 | Found a shimmering altar of Xom.
 34952 | Vaults:1 | Noticed Froggeryz's ghost (adept DjAE)
 35650 | Vaults:1 | Killed Froggeryz's ghost
 35658 | Vaults:1 | Identified the Reference Book on Intoxication and the
                  | Volcanoes
 36568 | Vaults:2 | Found Jenadid's Magic Scroll Boutique.
 36599 | Vaults:2 | Bought a scroll of fear for 66 gold pieces
 36599 | Vaults:2 | Bought a scroll of fog for 38 gold pieces
 36599 | Vaults:2 | Bought a scroll of fog for 38 gold pieces
 36645 | Vaults:2 | Noticed a Hell Sentinel
 36653 | Vaults:2 | Reached XP level 21. HP: 50/165 MP: 21/21
 37813 | Vaults:3 | Reached skill level 10 in Dodging
 37968 | Vaults:3 | Reached skill level 15 in Fighting
 38255 | Vaults:3 | Noticed Margery
 38280 | Vaults:3 | Killed Margery
 38281 | Vaults:3 | Reached skill level 15 in Throwing
 38285 | Vaults:3 | Slain by a hell knight

Illustrated notes

Levels and vault maps discovered:
D:1:      dpeg_arrival_pond, layout_rooms, hangedman_glass_teeth,
          amcnicky_mini_rare_corridor_liquid, minmay_octomino_j4
D:2:      layout_loops_ring, shapermc_ecumenical_altar_mp_vishouse,
          grunt_ministairs_6
D:3:      minmay_wonky_spiral, layout_basic, gammafunk_ghost_arena,
          portal_sewer_entry_a, chequers_serial_rivers_small_b,
          minmay_goblin_kobold_house
D:4:      kennysheep_six_static_rooms, layout_basic
D:5:      layout_rooms, general_overflow_altar, kennysheep_mini_moat,
          grunt_ministairs_11
D:6:      layout_rooms, elyvilon_altar_4, minmay_temple_entry_trees,
          ebering_ghost_disaster_area, enter_ossuary_4,
          chequers_serial_rivers_room_b, uniq_prince_ribbit1, uniq_duvessa,
          uniq_edmund
D:7:      layout_layer_cave, lemuel_tele_altar
D:8:      minmay_ornate_pinched, layout_basic, hangedman_ru_absence,
          okawaru_trees_2, grunt_ministairs_3, uniq_gastronok
D:9:      layout_basic, nicolae_overflow_hidden_temple,
          nicolae_overflow_crystal_walls, lemuel_crystal_altar, lair_entry_dummy
D:10:     layout_stronghold, item_on_display_a, uniq_josephine, uniq_urug,
          uniq_psyche
D:11:     layout_stronghold, enter_trove_3, uniq_maurice, uniq_sonja
D:12:     layout_cave_pools, hiddenorc1_lemuel
D:13:     layout_roguey, lemuel_flame_loot_1, uniq_frances
D:14:     minmay_skewed_foursquare, layout_basic, david_vaults_5,
          portal_ice_cave_entry_imps
D:15:     hangedman_depths_entry_try_elsewhere_first, layout_stronghold,
          serial_park_avenue1
Temple:   cyrus_circular_temple
Lair:1:   layout_long_grid, minivault_23, lemuel_fruit_fields
Lair:2:   wander_river, layout_regular_city, shoals_dummy_entry,
          spider_nest_entry_web_field, forest_entry_grove,
          minmay_lair_oklob_chamber, infiniplex_staircase_pool,
          lemuel_fruit_fields
Lair:3:   layout_regular_city, minivault_19, chequers_serial_rivers_micro_c,
          minivault_24, nicolae_quartered_pool_medium, gammafunk_lair_bear_cave,
          grunt_megastairs_3
Lair:4:   layout_regular_city, maelrawn_ghost_gauntlet_escape,
          beast_lair_carwin_2, grunt_megastairs_5
Lair:5:   pond_and_an_island_with_a_cottage, layout_loops_ring,
          minmay_slime_entry_oklob_enclosed, lemuel_fruit_tree
Lair:6:   minmay_lair_end_enchanted_forest, layout_small_grid, tgw_fedhas
Shoals:1: layout_shoals, uniq_kirke
Shoals:2: layout_shoals, abandoned_shop, ldierk_geyser
Shoals:3: layout_shoals, uniq_ilsuiw, uniq_nikola, uniq_polyphemus
Shoals:4: shoals_end_grunt_ice, layout_shoals
Spider:1: layout_spider_delve
Spider:2: nicolae_spider_hilbert_zone_4 [nicolae_spider_hilbert_4_sides_2_open,
          nicolae_spider_hilbert_4_sides_1_open,
          nicolae_spider_hilbert_4_sides_1_open,
          nicolae_spider_hilbert_4_sides_1_open,
          nicolae_spider_hilbert_4_sides_1_open,
          nicolae_spider_hilbert_2_sides_1_open,
          nicolae_spider_hilbert_2_sides_1_open,
          nicolae_spider_hilbert_2_sides_1_open,
          nicolae_spider_hilbert_2_sides_1_open,
          nicolae_spider_hilbert_6_sides_1_open,
          nicolae_spider_hilbert_6_sides_1_open,
          nicolae_spider_hilbert_3_sides_1_open,
          nicolae_spider_hilbert_3_sides_1_open], nicolae_spider_cling_halls,
          uniq_roxanne
Spider:3: layout_chambers, nicolae_spider_spiderdrome
Spider:4: johnstein_spider_rune_arachne_lair
Orc:1:    nicolae_orc_accident_1, layout_caves, mines5_lemuel, uniq_erolcha
Orc:2:    grunt_orc_tribal_feast, layout_caves, uniq_snorg
Vaults:1: ebering_vaults_ghost_xom, hangedman_vaults_restitches,
          hangedman_vaults_cutoff, v_misc_15, nicolae_vaults_little_squares_3,
          grunt_vaults_focal, v_misc_16, st_more_cells,
          nicolae_vaults_mini_display_case, nicolae_vaults_diagonal_hallway_8,
          layout_vaults_omnigrid, serial_shops, shop, uniq_donald
Vaults:2: v_misc_1, nicolae_vaults_big_ls, nicolae_vaults_network_barrier,
          ontoclasm_vaults_hangar, dpeg_vaults_pockets_of_resistance,
          ontoclasm_vaults_bender, vaults_dpeg_ring, nicolae_vaults_triangles,
          ontoclasm_vaults_hangar, hangedman_vaults_corner, layout_vaults_maze,
          serial_shops, shop
Vaults:3: v_misc_18, minmay_crypt_entry_simple_plaza, nicolae_vaults_network_s,
          nicolae_vaults_ring_of_whatevers, vaults_mumra_chevron,
          vaults_room_hangedman_quadrants, nicolae_vaults_network_quincunx
          [nicolae_vaults_network_quincunx_subvault,
          nicolae_vaults_network_quincunx_subvault,
          nicolae_vaults_network_quincunx_subvault,
          nicolae_vaults_network_quincunx_subvault,
          nicolae_vaults_network_quincunx_subvault], v_pattern_5, v_misc_3,
          vaults_room_boxed, v_misc_24, v_misc_8, layout_vaults_omnicross,
          uniq_margery

Skill      XL: |  1  2  3  4  5  6  7  8  9 10 11 12 13 14 15 16 17 18 19 20 21 |
---------------+----------------------------------------------------------------+-----
Polearms       | 3 4 6 7 10 12 14 15 16 18 19 20 | 20.0
Fighting       | 4 5 7 9 10 11 12 14 15 | 15.1
Shields        | 6 7 10 13 15 | 15.0
Armour         | 5 7 13 15 | 15.0
Throwing       | 5 7 10 11 12 13 15 | 15.0
Evocations     | 5 7 9 10 | 10.1
Dodging        | 4 6 9 10 | 10.0

Action                   |  1- 3 |  4- 6 |  7- 9 | 10-12 | 13-15 | 16-18 | 19-21 || total
-------------------------+-------+-------+-------+-------+-------+-------+-------++-------
Melee: Trident           |   126 |   279 |   556 |   221 |       |       |       ||  1182
       Spear             |       |       |       |    74 |    58 |       |       ||   132
       Glaive            |       |       |       |   211 |   835 |  1151 |  1018 ||  3215
       Demon trident     |       |       |       |       |    21 |       |       ||    21
Throw: Dart              |       |       |    34 |    42 |    14 |       |     6 ||    96
       Throwing net      |       |       |       |     1 |     3 |       |       ||     4
       Boomerang         |       |       |       |       |   144 |    27 |    33 ||   204
       Javelin           |       |       |       |       |     9 |       |       ||     9
Invok: Call Merchant     |       |       |       |     1 |     1 |     4 |       ||     6
       Potion Petition   |       |       |       |       |     2 |     1 |     7 ||    10
 Abil: Dig               |     3 |    11 |     8 |    11 |    10 |    11 |     2 ||    56
       Shaft Self        |       |       |       |     2 |     1 |       |       ||     3
Evoke: Wand              |       |     2 |     1 |    11 |     1 |     2 |     5 ||    22
       Condenser vane    |       |       |       |     1 |       |       |     3 ||     4
       Box of beasts     |       |       |       |       |       |       |     2 ||     2
  Use: Scroll            |     1 |     6 |     5 |     6 |    13 |     8 |     4 ||    43
       Potion            |       |       |       |       |     1 |     3 |     6 ||    10
 Stab: Paralysed         |       |     4 |     7 |       |       |       |       ||    11
       Distracted        |       |       |       |     5 |    11 |    11 |     6 ||    33
       Held in net/web   |       |       |       |     1 |     2 |     1 |       ||     4
       Invisible         |       |       |       |       |       |     1 |     1 ||     2
       Petrified         |       |       |       |       |       |       |     1 ||     1
Armor: Scale mail        |    38 |       |       |       |       |       |       ||    38
       Chain mail        |    13 |    71 |    65 |       |       |       |       ||   149
       Plate armour      |       |       |   155 |   154 |   245 |   253 |   133 ||   940
Dodge: Dodged            |    21 |    45 |   108 |   124 |   221 |   140 |   125 ||   784
Block: Kite shield       |    78 |   169 |   310 |   226 |   299 |       |       ||  1082
       Reflection        |       |     2 |       |       |       |    12 |    52 ||    66
       Tower shield      |       |       |       |       |   209 |   996 |   728 ||  1933
       Rpst.: Glaive     |       |       |       |       |    25 |    25 |    19 ||    69

Table legend: (Time is in decaauts)
 A = Elapsed time spent in this place.
 B = Non-inter-level travel time spent in this place.
 C = Inter-level travel time spent in this place.
 D = Time resting spent in this place.
 E = Time spent auto-exploring this place.
 F = Levels seen in this place.
 G = Mean time per level.
                   A        B        C        D        E       F      G
               +--------+--------+--------+--------+--------+-----+--------+
         Total |  37720 |  35167 |   2553 |   2723 |  24437 |  37 | 1019.5 |
       Dungeon |  15703 |  14372 |   1331 |   1387 |   9806 |  15 | 1046.9 |
        Temple |     29 |     10 |     19 |      0 |      5 |   1 |   29.0 |
          Lair |   6791 |   6194 |    597 |    344 |   4667 |   6 | 1131.8 |
        Shoals |   3975 |   3823 |    152 |    398 |   2572 |   4 |  993.8 |
   Spider Nest |   5091 |   4923 |    168 |    284 |   3561 |   4 | 1272.8 |
  Orcish Mines |   1440 |   1262 |    178 |      5 |    791 |   2 |  720.0 |
        Vaults |   3714 |   3608 |    106 |    303 |   2445 |   3 | 1238.0 |
         Sewer |    756 |    756 |      0 |      0 |    519 |   1 |  756.0 |
       Ossuary |    217 |    217 |      0 |      0 |     71 |   1 |  217.0 |
               +--------+--------+--------+--------+--------+-----+--------+

Top non-repeatable levels by time:
Vaults:2: 1706 daAuts
    D:11: 1629 daAuts
Shoals:4: 1390 daAuts
Spider:4: 1379 daAuts
Spider:2: 1367 daAuts
    D:12: 1318 daAuts
Vaults:1: 1314 daAuts
  Lair:6: 1278 daAuts
     D:9: 1251 daAuts
     D:3: 1238 daAuts
Spider:3: 1208 daAuts
  Lair:2: 1183 daAuts
Spider:1: 1136 daAuts
  Lair:5: 1120 daAuts
  Lair:1: 1119 daAuts
